 Seeded DCSS version 0.27-a0-34-gc18c9092ac (webtiles) character file.

Game seed: 3165166927895876312 (custom seed)

574 muata the Covert (level 7, -1/48 HPs)
             Began as a Vampire Brigand on Jan 4, 2021.
             Slain by an ice beast (13 damage)
             ... on level 5 of the Dungeon.
             The game lasted 00:31:31 (4507 turns).

muata the Covert (Vampire Brigand)                  Turns: 4507, Time: 00:31:31

Health: -1/48      AC:  5    Str:  6 (10) XL:     7   Next: 12%
Magic:  7/7        EV: 12    Int:  9 (13) God:
Gold:   263        SH:  0    Dex: 15 (18) Spells: 6/6 levels left

rFire    . . .     SeeInvis +   r - +2 dagger (speed)
rCold    . . .     Faith    .   (no shield)
rNeg     . . .     Spirit   .   k - +0 leather armour
rPois    .         Reflect  .   (no helmet)
rElec    .         Harm     .   x - +0 cloak
rCorr    .         Rampage  .   m - +0 pair of gloves
Will     .....                  (no boots)
Stlth    ++++......             y - amulet of regeneration
HPRegen  0.76/turn              (no ring)
MPRegen  0.10/turn              (no ring)

@: regenerating quickly
A: fangs 3, see invisible, [frail 1], unbreathing
a: Exsanguinate


You were on level 5 of the Dungeon.
You visited 1 branch of the dungeon, and saw 5 of its levels.

You collected 263 gold pieces.

Inventory:

Hand Weapons
 a - a +2 dagger
 r - a +2 dagger of speed (weapon)
Missiles
 d - 2 poisoned darts
 f - 6 datura-tipped darts
 i - 196 stones
Armour
 k - a +0 leather armour (worn)
 m - a +0 pair of gloves (worn)
 x - a +0 cloak (worn)
Jewellery
 y - an amulet of regeneration (around neck)
Wands
 p - a wand of flame (5) (quivered)
Scrolls
 g - 5 scrolls of teleportation
 h - 3 scrolls of identify
 q - 2 scrolls of immolation
 s - a scroll of random uselessness {unknown}
 t - a scroll of remove curse {unknown}
 u - 2 scrolls of enchant armour
 C - a scroll of magic mapping {unknown}
Potions
 c - 2 potions of curing
 j - a potion of haste {unknown}
 n - a potion of lignification {unknown}
 o - a potion of brilliance {unknown}
 v - a potion of mutation {unknown}
 w - a potion of resistance
 A - a potion of cancellation {unknown}
 B - a potion of heal wounds {unknown}
 D - a potion of magic {unknown}


   Skills:
 - Level 4.0 Fighting
 + Level 5.8 Short Blades
 - Level 1.5 Throwing
 + Level 2.4 Dodging
 - Level 8.0 Stealth


You had 6 spell levels left.
You didn't know any spells.
Your spell library was empty.

Dungeon Overview and Level Annotations

Branches:
Dungeon (5/15)             Temple (0/1) D:4

Altars:
Cheibriados
Fedhas
Qazlal
Trog

Annotations:
D:4 2 transporters, hehateme's ghost, amateur DsGl


Innate Abilities, Weirdness & Mutations

Your natural rate of healing is unusually fast.
You have razor-sharp teeth.
You have supernaturally acute eyesight. (SInv)
You can survive without breathing.
[You are frail. (-10% HP)]


Message History

Press: ? - help, Q - select action, (/) - cycle Shift-Dir - straight line, f/p - ice beast
Aim: an ice beast (lightly wounded, poisoned)
You throw a poisoned dart.
The poisoned dart barely misses the ice beast.
The ice beast hits you. The ice beast freezes you!
Aiming: Throw Flame
Press: ? - help, Q - select action, (/) - cycle Shift-Dir - straight line, f/p - ice beast
Aim: an ice beast (lightly wounded, poisoned, 32% to evade)
The puff of flame hits the ice beast.
The ice beast is lightly wounded.
The ice beast completely misses you.
Aiming: Throw Flame
Press: ? - help, Q - select action, (/) - cycle Shift-Dir - straight line, f/p - ice beast
Aim: an ice beast (lightly wounded, poisoned, 32% to evade)
The puff of flame hits the ice beast but does no damage.
The ice beast is lightly wounded.
The ice beast hits you.
* * * LOW HITPOINT WARNING * * *
The ice beast freezes you!
You die...

##### # #..@# ..
#.Y## #^≈ #####.#
§≈ #.†...#
≈#_#≈######.#####
#§.≈....†...#
.#.#..#######
..§.. .....#


You could see an ice beast (poisoned).

Vanquished Creatures
  An ogre (D:4)
  A big kobold (D:4)
  A scorpion (D:5)
  Crazy Yiuf (D:3)
  An orc priest (D:3)
  4 orc wizards
  Jessica (D:3)
  2 worker ants
  3 adders
  An ooze (D:1)
  5 worms
  2 dart slugs
  A leopard gecko (D:4)
  6 orcs
  6 bats
  5 giant cockroaches
  6 goblins
  6 hobgoblins
  11 jackals
  2 quokkas
  A ball python (D:3)
  3 frilled lizards
  A jackal skeleton (D:4)
  6 kobolds
  11 rats
88 creatures vanquished.

Vanquished Creatures (others)
  5 fungi (D:5)
  2 plants (D:5)
7 creatures vanquished.

Grand Total: 95 creatures vanquished

Notes
Turn   | Place    | Note
-------+----------+-------------------------------------------
     0 | D:1      | muata the Vampire Brigand began the quest for the Orb.
     0 | D:1      | Reached XP level 1. HP: 16/16 MP: 1/1
    82 | D:1      | Reached skill level 6 in Stealth
   369 | D:1      | Reached XP level 2. HP: 10/22 MP: 2/2
  1154 | D:2      | Reached XP level 3. HP: 28/28 MP: 3/3
  1431 | D:2      | Reached XP level 4. HP: 34/34 MP: 4/4
  1549 | D:2      | Reached skill level 7 in Stealth
  1954 | D:3      | Noticed Jessica
  1968 | D:3      | Killed Jessica
  2102 | D:3      | Reached XP level 5. HP: 41/41 MP: 5/5
  2141 | D:3      | Found a bloodstained altar of Trog.
  2496 | D:3      | Found a snail-covered altar of Cheibriados.
  2726 | D:3      | Found a runed translucent door.
  2727 | D:3      | Noticed Crazy Yiuf
  2856 | D:3      | Killed Crazy Yiuf
  2857 | D:3      | Reached skill level 8 in Stealth
  2962 | D:4      | Reached XP level 6. HP: 47/47 MP: 6/6
  3057 | D:4      | Found a transporter.
  3073 | D:4      | Found a staircase to the Ecumenical Temple.
  3225 | D:4      | Reached skill level 5 in Short Blades
  3534 | D:4      | Found a transporter.
  3535 | D:4      | Noticed hehateme's ghost (amateur DsGl)
  4297 | D:4      | Reached XP level 7. HP: 40/48 MP: 7/7
  4390 | D:5      | Entered Level 5 of the Dungeon
  4401 | D:5      | Found a stormy altar of Qazlal.
  4404 | D:5      | Found a blossoming altar of Fedhas.
  4507 | D:5      | Slain by an ice beast

Illustrated notes

Levels and vault maps discovered:
D:1:      saegor_arrival_simple_b, layout_loops_corners
D:2:      minmay_diamond_boxcup, layout_loops_ring, minmay_pentomino_q4
D:3:      layout_basic, lemuel_doored_altar, trog_book, uniq_jessica,
          uniq_crazy_yiuf_cottage
D:4:      layout_basic, minmay_temple_entry_arrows, gammafunk_ghost_mausoleum
D:5:      layout_basic, grunt_temple_overflow_forces_of_nature,
          portal_sewer_entry_b, fedhas_altar_4, uniq_duvessa, uniq_edmund

Skill      XL: |  1  2  3  4  5  6 |
---------------+-------------------+-----
Stealth        | 6 7 8 |  8.0
Fighting       | 2 3 4 |  4.0
Short Blades   | 3 4 5 |  5.8
Dodging        | 2 |  2.4
Throwing       | |  1.5

Action                   |  1- 3 |  4- 6 |  7- 9 || total
-------------------------+-------+-------+-------++-------
Melee: Dagger            |    95 |   252 |    26 ||   373
       Bite              |     8 |    28 |     1 ||    37
Throw: Dart              |     5 |    18 |     7 ||    30
       Stone             |     1 |    18 |       ||    19
 Abil: End Transformatio |       |     2 |       ||     2
       Bat Form          |       |     2 |       ||     2
       Stop Flying       |       |     1 |       ||     1
       Exsanguinate      |       |     1 |       ||     1
       Revivify          |       |     1 |       ||     1
Evoke: Wand              |       |     9 |     2 ||    11
  Use: Scroll            |       |     2 |     5 ||     7
 Stab: Sleeping          |    11 |    16 |     1 ||    28
       Distracted        |       |     1 |       ||     1
Armor: Robe              |     2 |       |       ||     2
       Leather armour    |    30 |    42 |     5 ||    77
Dodge: Dodged            |    39 |    83 |    16 ||   138

Table legend: (Time is in decaauts)
 A = Elapsed time spent in this place.
 B = Non-inter-level travel time spent in this place.
 C = Inter-level travel time spent in this place.
 D = Time resting spent in this place.
 E = Time spent auto-exploring this place.
 F = Levels seen in this place.
 G = Mean time per level.
                   A        B        C        D        E       F      G
               +--------+--------+--------+--------+--------+-----+--------+
         Total |   4335 |   4054 |    281 |    580 |   2008 |   5 |  867.0 |
       Dungeon |   4335 |   4054 |    281 |    580 |   2008 |   5 |  867.0 |
               +--------+--------+--------+--------+--------+-----+--------+

Top non-repeatable levels by time:
     D:4: 1364 daAuts
     D:2: 977 daAuts
     D:3: 956 daAuts
     D:1: 949 daAuts
     D:5: 87 daAuts
